 Dungeon Crawl Stone Soup version 0.23.0 (webtiles) character file.

Game seed: 6282257340166685994

5657 Mgcat the Magician (level 10, 0/76 HPs)
             Began as a Gnoll Fire Elementalist on Feb 11, 2019.
             Was an Initiate of Gozag.
             Slain by a yak (6 damage)
             ... on level 9 of the Dungeon.
             The game lasted 00:24:20 (10846 turns).

Mgcat the Magician (Gnoll Fire Elementalist)       Turns: 10846, Time: 00:24:20

Health: 0/76       AC:  8    Str: 10    XL:     10   Next: 74%
Magic:  19/30      EV: 16    Int: 23    God:    Gozag
Gold:   976        SH:  3    Dex: 18    Spells: 9/24 levels left

rFire    . . .     SeeInvis +   e - +0 lajatang of Uskayaw's Envy {distort, rC+ MP+9 SInv} (curse)
rCold    + . .     Gourm    .   (shield currently unavailable)
rNeg     . . .     Faith    .   j - +3 leather armour "Wohank" {Int+2}
rPois    +         Spirit   .   (helmet restricted)
rElec    .         Reflect  +   (no cloak)
rCorr    .         Harm     .   a - +0 pair of gloves
MR       .....                  (no boots)
Stlth    +++.......             p - +3 amulet of reflection
HPRegen  0.22/turn              v - ring of see invisible {sInv, !d}
MPRegen  0.22/turn              h - ring of Petuarang {rPois Dex+2 SInv}

@: gold aura, lightly drained
A: distributed training, fangs 1, horns 1, rugged brown scales 1, MP-powered
wands, strong nose
a: Potion Petition, Call Merchant, Bribe Branch, Renounce Religion


You were on level 9 of the Dungeon.
You worshipped Gozag.
Gozag was pleased with you.
You were not hungry.

You visited 1 branch of the dungeon, and saw 9 of its levels.
You also visited: Sewer.

You collected 1397 gold pieces.
You spent 394 gold pieces at shops.
You paid 27 gold pieces to Gozag.

Inventory:

Hand Weapons
 e - the cursed +0 lajatang of Uskayaw's Envy (weapon) {distort, rC+ MP+9 SInv}
   (You found it on level 6 of the Dungeon)

   It warps and distorts space around it.
   Unwielding it can cause banishment or high damage.
   It protects you from cold.
   It affects your magic capacity (+9).
   It lets you see invisible.
   It has a curse placed upon it.
Missiles
 r - a throwing net {=f, !d}
Armour
 a - a +0 pair of gloves (worn)
   (You found it on level 1 of the Dungeon)
 j - the +3 leather armour "Wohank" (worn) {Int+2}
   (You bought it in a shop on level 6 of the Dungeon)

   It affects your intelligence (+2).
 o - a +0 buckler
   (You found it on level 4 of the Dungeon)
Jewellery
 h - the ring of Petuarang (right hand) {rPois Dex+2 SInv}
   (You took it off an orc on level 7 of the Dungeon)

   [ring of poison resistance]

   It affects your dexterity (+2).
   It protects you from poison.
   It lets you see invisible.
 k - the ring "Zuz Xifocya" {rF- Str+6 Dex+10}
   (You found it on level 7 of the Dungeon)

   [ring of strength]

   It affects your strength (+6).
   It affects your dexterity (+10).
   It makes you vulnerable to fire.
 m - an uncursed ring of flight {+Fly, !d}
   (You found it on level 3 of the Dungeon)
 p - a +3 amulet of reflection (around neck)
   (You found it on level 4 of the Dungeon)
 v - a ring of see invisible (left hand) {sInv, !d}
   (You found it on level 9 of the Dungeon)
Wands
 d - a wand of flame (13)
   (You found it on level 7 of the Dungeon)
 t - a wand of polymorph (5)
   (You found it on level 8 of the Dungeon)
Scrolls
 b - a scroll of magic mapping {!r}
 g - 9 scrolls of identify
 i - 4 scrolls of teleportation
 n - 2 scrolls of remove curse
Potions
 f - a potion of curing
 l - a potion of lignification {!q}
 s - a potion of invisibility {unknown}
 u - 2 potions of ambrosia
Comestibles
 c - 6 rations


   Skills:
 + Level 5.4 Fighting
 + Level 5.4 Short Blades
 + Level 5.4 Long Blades
 + Level 5.4 Axes
 + Level 5.4 Maces & Flails
 + Level 5.4 Polearms
 + Level 5.4 Staves
 + Level 5.4 Slings
 + Level 5.4 Bows
 + Level 5.4 Crossbows
 + Level 5.4 Throwing
 + Level 5.4 Armour
 + Level 7.2(7.1) Dodging
 + Level 7.0(6.9) Stealth
 + Level 5.4 Shields
 + Level 5.4 Unarmed Combat
 + Level 7.5(7.4) Spellcasting
 + Level 5.0 Conjurations
 + Level 4.5(4.4) Hexes
 + Level 4.5(4.4) Charms
 + Level 4.5(4.4) Summonings
 + Level 4.5(4.4) Necromancy
 + Level 4.5(4.4) Translocations
 + Level 4.5(4.4) Transmutations
 + Level 7.2(7.1) Fire Magic
 + Level 4.5(4.4) Ice Magic
 + Level 4.5(4.4) Air Magic
 + Level 4.5(4.4) Earth Magic
 + Level 4.5(4.4) Poison Magic
 + Level 6.0(5.9) Invocations
 + Level 5.4 Evocations


You had 9 spell levels left.
You knew the following spells:

 Your Spells              Type           Power        Failure   Level  Hunger
a - Flame Tongue          Conj/Fire      #####        1%          1    None
b - Throw Flame           Conj/Fire      #####.       1%          2    None
c - Conjure Flame         Conj/Fire      #####...     2%          3    None
d - Sticky Flame          Conj/Fire      #####...     8%          4    ###....
e - Fireball              Conj/Fire      #####.....   22%         5    #####..

Your spell library contained the following spells:

 Spells                   Type           Power        Failure   Level  Hunger
 Confusing Touch          Hex            ####..       1%          1    None
 Inner Flame              Hex/Fire       #####...     2%          3    None
 Confuse                  Hex            ####....     4%          3    None
 Gell's Gravitas          Tloc           ####......   4%          3    None
 Petrify                  Tmut/Erth      ####....     16%         4    ###....
 Metabolic Englaciation   Hex/Ice        ####......   41%         5    #####..
 Yara's Violent Unravell  Hex/Tmut       ####......   41%         5    #####..


Dungeon Overview and Level Annotations

Branches:
Dungeon (9/15)             Temple (0/1) D:5
   Lair: D:8-11         Orc: D:9-12

Altars:
Cheibriados
Elyvilon
Fedhas
Gozag
Kikubaaqudgha
Makhleb
Ru
Sif Muna
Trog
Uskayaw
Vehumet
Wu Jian
The Shining One

Shops:
D:6 [

Annotations:
D:5 exclusion: oklob sapling
D:7 3 runed translucent doors


Innate Abilities, Weirdness & Mutations

Your experience applies equally to all skills.
You have very sharp teeth.
Your uncanny sense of smell can sniff out nearby items.
You have a pair of small horns on your head.
You are partially covered in rugged brown scales. (AC +1, +3% HP)
You expend magic power (3 MP) to strengthen your wands.


Message History

The yak is heavily wounded.
The yak is engulfed in blazing flames.
The yak misses you.
You now have 21/30 mp.
Danger x5: yak x5!
Casting: Flame Tongue (safe; 1% risk of failure)
Confirm with . or Enter, or press ? or * to list all spells.
Aiming: Flame Tongue (safe; 1% risk of failure)
Press: ? - help, Shift-Dir - straight line, f/p - yak
Aim: a yak (heavily wounded)
The flame tongue hits the yak!
You kill the yak!
Your base Invocations skill increases to level 6!
The yak becomes distracted by the nearby gold, dreaming of imaginary riches.
You now have 20/30 mp.
Danger x4: yak x3, yak (unaware)!
Casting: Flame Tongue (safe; 1% risk of failure)
Confirm with . or Enter, or press ? or * to list all spells.
Aiming: Flame Tongue (safe; 1% risk of failure)
Press: ? - help, Shift-Dir - straight line, f/p - yak
Aim: a yak (heavily wounded, hasn't noticed you)
The flame tongue hits the yak.
The yak is lightly wounded.
The yak bellows!
The yak is engulfed in blazing flames.
The yak gores you!
You take 14 damage, and have 54/76 hp.
Danger x4: yak x4!
Casting: Flame Tongue (safe; 1% risk of failure)
Confirm with . or Enter, or press ? or * to list all spells.
Aiming: Flame Tongue (safe; 1% risk of failure)
Press: ? - help, Shift-Dir - straight line, f/p - yak
Aim: a yak (heavily wounded)
The flame tongue hits the yak!
The yak is severely wounded.
The yak becomes distracted by the nearby gold, dreaming of imaginary riches.
The yak is engulfed in blazing flames.
You kill the yak!
Your base Stealth skill increases to level 7!
You now have 19/30 mp.
Warning x3: The yak can hit for moderate damage in melee! x2
The yak (unaware) can hit for moderate damage in melee!
Casting: Flame Tongue (safe; 1% risk of failure)
Confirm with . or Enter, or press ? or * to list all spells.
Aiming: Flame Tongue (safe; 1% risk of failure)
Press: ? - help, Shift-Dir - straight line, f/p - yak
Aim: a yak (heavily wounded)
The flame tongue hits the yak.
The yak is heavily wounded.
The yak is no longer distracted by gold.
The yak bellows!
The yak gores you but does no damage.
The yak becomes distracted by the nearby gold, dreaming of imaginary riches.
You now have 18/30 mp.
Danger x4: yak x3, yak (unaware)!
Casting: Flame Tongue (safe; 1% risk of failure)
Confirm with . or Enter, or press ? or * to list all spells.
Aiming: Flame Tongue (safe; 1% risk of failure)
Press: ? - help, Shift-Dir - straight line, f/p - yak
Aim: a yak (heavily wounded, hasn't noticed you)
The flame tongue hits the yak.
The yak is severely wounded.
The yak is no longer distracted by gold.
The yak bellows!
The yak gores you! x2
You take 27 damage, and have 28/76 hp.
MASSIVE DAMAGE!!
You now have 17/30 mp.
Danger x4: yak x4!
You hit the yak.
Space bends around the yak.
You headbutt the yak.
The yak is moderately wounded.
The yak is no longer distracted by gold.
The yak gores you but does no damage. The yak gores you.
The yak barely misses you.
You take 1 damage, and have 27/76 hp.
Danger x4: yak x4!
You hit the yak.
Space bends around the yak.
You headbutt the yak, but do no damage.
The yak is heavily wounded.
The yak is engulfed in blazing flames.
The yak barely misses you. The yak gores you!
* * * LOW HITPOINT WARNING * * *
The yak barely misses you.
You take 10 damage, and have 17/76 hp.
Danger x4: yak x4!
You slash the yak! You headbutt the yak, but do no damage.
The yak is almost dead.
The yak blinks!
The yak is engulfed in blazing flames.
The yak gores you!
* * * LOW HITPOINT WARNING * * *
The yak closely misses you.
You take 12 damage, and have 5/76 hp.
Danger x4: yak x4!
The yak is engulfed in blazing flames.
Warning x3: The yak can hit for moderate damage in melee! x3
You slash the yak!
The yak is almost dead.
The yak completely misses you.
The yak becomes distracted by the nearby gold, dreaming of imaginary riches.
Warning x3: The yak can hit for moderate damage in melee! x2
The yak (unaware) can hit for moderate damage in melee!
You barely miss the yak.
The yak is almost dead.
The yak bellows!
The yak closely misses you. The yak gores you.
You die...
Your body crumbles into a pile of gold.

#.......# ##.#.....#
...... ._......#
....... #.#...%.#
#.......
#..)....#####.......
#..............Y....
#...................
#@##..............
#.#.#Y##$........####.
#....YY$Y.$.$.........
#####.##$$$......####.
#.................
#.?............<...(
#...................
######..#####..####.
#..# #..# #>


You could see 3 yaks.

Vanquished Creatures
  An unseen horror (D:7)
  An ugly thing (D:7)
  A troll (D:7)
  Prince Ribbit (D:5)
  A spriggan (D:7)
  2 yaks (D:9)
  A wyvern (D:7)
  A vampire mosquito (D:7)
  Menkaure (D:4)
  2 sky beasts
  3 orc warriors
  2 ogres
  Blork the orc (D:5)
  2 bullfrogs (D:8)
  5 big kobolds (Sewer)
  4 scorpions
  A water moccasin skeleton (D:7)
  9 killer bees
  4 wights (D:9)
  2 howler monkeys
  2 crimson imps
  2 centaur skeletons
  8 hounds
  3 orc priests
  3 jellies
  7 orc wizards
  Jessica (D:2)
  4 worker ants
  A killer bee zombie (D:8)
  A hound skeleton (D:8)
  A worker ant zombie (D:7)
  10 gnolls
  A howler monkey skeleton (D:6)
  2 river rats (Sewer)
  12 adders
  3 shadow imps
  9 oozes
  3 adder skeletons
  5 worms
  2 dart slugs
  8 leopard geckos
  20 orcs
  7 bats
  2 bat zombies (D:2)
  11 giant cockroaches
  8 goblins
  5 hobgoblins
  8 jackals
  7 kobolds
  2 quokkas
  2 ball pythons
  5 frilled lizards
  2 jackal skeletons
  16 rats
  A rat zombie (D:2)
229 creatures vanquished.

Vanquished Creatures (others)
  A sky beast (D:9)
  A scorpion (D:8)
  A gnoll (D:8)
  2 orcs (D:6)
  A plant (D:5)
6 creatures vanquished.

Grand Total: 235 creatures vanquished

Notes
Turn   | Place    | Note
-------+----------+-------------------------------------------
     0 | D:1      | Mgcat the Gnoll Fire Elementalist began the quest for the
                  | Orb.
     0 | D:1      | Reached XP level 1. HP: 13/13 MP: 6/6
   192 | D:1      | Reached skill level 2 in Conjurations
   218 | D:1      | Reached XP level 2. HP: 19/19 MP: 4/7
   699 | D:1      | Reached XP level 3. HP: 25/25 MP: 9/9
   931 | D:1      | Reached skill level 5 in Spellcasting
  1076 | D:2      | Learned a level 2 spell: Throw Flame
  1247 | D:2      | Reached skill level 1 in Invocations
  1318 | D:2      | Reached skill level 1 in Fighting
  1318 | D:2      | Reached skill level 1 in Short Blades
  1318 | D:2      | Reached skill level 1 in Long Blades
  1318 | D:2      | Reached skill level 1 in Axes
  1318 | D:2      | Reached skill level 1 in Maces & Flails
  1318 | D:2      | Reached skill level 1 in Polearms
  1318 | D:2      | Reached skill level 1 in Staves
  1318 | D:2      | Reached skill level 1 in Slings
  1318 | D:2      | Reached skill level 1 in Bows
  1318 | D:2      | Reached skill level 1 in Crossbows
  1318 | D:2      | Reached skill level 1 in Throwing
  1318 | D:2      | Reached skill level 1 in Armour
  1318 | D:2      | Reached skill level 1 in Shields
  1318 | D:2      | Reached skill level 1 in Unarmed Combat
  1318 | D:2      | Reached skill level 1 in Evocations
  1520 | D:2      | Reached XP level 4. HP: 30/32 MP: 11/11
  1837 | D:2      | Noticed Jessica
  1841 | D:2      | Killed Jessica
  1841 | D:2      | Reached skill level 1 in Hexes
  1841 | D:2      | Reached skill level 1 in Charms
  1841 | D:2      | Reached skill level 1 in Summonings
  1841 | D:2      | Reached skill level 1 in Necromancy
  1841 | D:2      | Reached skill level 1 in Translocations
  1841 | D:2      | Reached skill level 1 in Transmutations
  1841 | D:2      | Reached skill level 1 in Ice Magic
  1841 | D:2      | Reached skill level 1 in Air Magic
  1841 | D:2      | Reached skill level 1 in Earth Magic
  1841 | D:2      | Reached skill level 1 in Poison Magic
  2075 | D:2      | Found an ancient bone altar of Kikubaaqudgha.
  2253 | D:2      | Reached XP level 5. HP: 30/37 MP: 12/12
  2310 | D:2      | Learned a level 3 spell: Conjure Flame
  2751 | D:2      | HP: 8/37 [orc/+0 club (6)]
  3367 | D:3      | Found a deep blue altar of Sif Muna.
  3367 | D:3      | Found an opulent altar of Gozag.
  3371 | D:3      | Became a worshipper of Gozag Ym Sagoz the Greedy
  3513 | D:4      | Reached XP level 6. HP: 32/44 MP: 8/13
  3557 | D:4      | Found a glowing drain.
  3580 | Sewer    | Entered a sewer
  3606 | Sewer    | Reached skill level 2 in Invocations
  3676 | Sewer    | Reached skill level 5 in Dodging
  3781 | Sewer    | Reached skill level 2 in Fighting
  3781 | Sewer    | Reached skill level 2 in Short Blades
  3781 | Sewer    | Reached skill level 2 in Long Blades
  3781 | Sewer    | Reached skill level 2 in Axes
  3781 | Sewer    | Reached skill level 2 in Maces & Flails
  3781 | Sewer    | Reached skill level 2 in Polearms
  3781 | Sewer    | Reached skill level 2 in Staves
  3781 | Sewer    | Reached skill level 2 in Slings
  3781 | Sewer    | Reached skill level 2 in Bows
  3781 | Sewer    | Reached skill level 2 in Crossbows
  3781 | Sewer    | Reached skill level 2 in Throwing
  3781 | Sewer    | Reached skill level 2 in Armour
  3781 | Sewer    | Reached skill level 2 in Shields
  3781 | Sewer    | Reached skill level 2 in Unarmed Combat
  3781 | Sewer    | Reached skill level 2 in Evocations
  3894 | Sewer    | Reached XP level 7. HP: 50/50 MP: 8/15
  4406 | Sewer    | Reached skill level 3 in Conjurations
  4406 | Sewer    | Reached skill level 2 in Hexes
  4406 | Sewer    | Reached skill level 2 in Charms
  4406 | Sewer    | Reached skill level 2 in Summonings
  4406 | Sewer    | Reached skill level 2 in Necromancy
  4406 | Sewer    | Reached skill level 2 in Translocations
  4406 | Sewer    | Reached skill level 2 in Transmutations
  4406 | Sewer    | Reached skill level 2 in Ice Magic
  4406 | Sewer    | Reached skill level 2 in Air Magic
  4406 | Sewer    | Reached skill level 2 in Earth Magic
  4406 | Sewer    | Reached skill level 2 in Poison Magic
  4894 | D:4      | Learned a level 4 spell: Sticky Flame
  5065 | D:4      | Reached skill level 5 in Stealth
  5188 | D:4      | Reached skill level 3 in Invocations
  5225 | D:4      | Noticed Menkaure
  5230 | D:4      | Killed Menkaure
  5230 | D:4      | Reached skill level 6 in Fire Magic
  5230 | D:4      | Reached XP level 8. HP: 57/57 MP: 6/16
  5596 | D:4      | Found a burning altar of Makhleb.
  5642 | D:4      | Found a hide-covered altar of Uskayaw.
  5703 | D:5      | Entered Level 5 of the Dungeon
  5767 | D:5      | Noticed Blork the orc
  5781 | D:5      | Killed Blork the orc
  5781 | D:5      | Reached skill level 3 in Fighting
  5781 | D:5      | Reached skill level 3 in Short Blades
  5781 | D:5      | Reached skill level 3 in Long Blades
  5781 | D:5      | Reached skill level 3 in Axes
  5781 | D:5      | Reached skill level 3 in Maces & Flails
  5781 | D:5      | Reached skill level 3 in Polearms
  5781 | D:5      | Reached skill level 3 in Staves
  5781 | D:5      | Reached skill level 3 in Slings
  5781 | D:5      | Reached skill level 3 in Bows
  5781 | D:5      | Reached skill level 3 in Crossbows
  5781 | D:5      | Reached skill level 3 in Throwing
  5781 | D:5      | Reached skill level 3 in Armour
  5781 | D:5      | Reached skill level 3 in Shields
  5781 | D:5      | Reached skill level 3 in Unarmed Combat
  5781 | D:5      | Reached skill level 3 in Evocations
  5848 | D:5      | Found a staircase to the Ecumenical Temple.
  5871 | D:5      | HP: 21/87 [killer bee (6)]
  5885 | D:5      | HP: 21/87 [killer bee (2)]
  5889 | D:5      | HP: 10/87 [poisoned by a killer bee]
  5890 | D:5      | Gained mutation: You expend magic power (3 MP) to
                  | strengthen your wands. [potion of mutation]
  5890 | D:5      | Gained mutation: You have a pair of small horns on your
                  | head. [potion of mutation]
  5890 | D:5      | Gained mutation: You are partially covered in rugged brown
                  | scales. (AC +1, +3% HP) [potion of mutation]
  5899 | D:5      | Reached skill level 6 in Spellcasting
  6541 | D:5      | Noticed Prince Ribbit
  6547 | D:5      | Killed Prince Ribbit
  6705 | D:5      | Found an ornate altar of the Wu Jian Council.
  6715 | D:5      | Reached skill level 3 in Hexes
  6715 | D:5      | Reached skill level 3 in Charms
  6715 | D:5      | Reached skill level 3 in Summonings
  6715 | D:5      | Reached skill level 3 in Necromancy
  6715 | D:5      | Reached skill level 3 in Translocations
  6715 | D:5      | Reached skill level 3 in Transmutations
  6715 | D:5      | Reached skill level 3 in Ice Magic
  6715 | D:5      | Reached skill level 3 in Air Magic
  6715 | D:5      | Reached skill level 3 in Earth Magic
  6715 | D:5      | Reached skill level 3 in Poison Magic
  6715 | D:5      | Reached skill level 4 in Invocations
  6992 | D:6      | Got a twisted lajatang
  6998 | D:6      | Identified the cursed +0 lajatang of Uskayaw's Envy
                  | {distort, rC+ MP+9 SInv} (You found it on level 6 of the
                  | Dungeon)
  7058 | D:6      | Found a sacrificial altar of Ru.
  7058 | D:6      | Found a white marble altar of Elyvilon.
  7059 | D:6      | Found a blossoming altar of Fedhas.
  7117 | D:6      | Reached skill level 6 in Dodging
  7117 | D:6      | Reached XP level 9. HP: 66/66 MP: 13/18
  7402 | D:6      | Found a radiant altar of Vehumet.
  7432 | D:6      | Found Ratu's Armour Shop.
  7550 | D:6      | Bought the +3 leather armour "Wohank" {Int+2} for 394 gold
                  | pieces
  7928 | D:7      | Reached skill level 4 in Fighting
  7928 | D:7      | Reached skill level 4 in Short Blades
  7928 | D:7      | Reached skill level 4 in Long Blades
  7928 | D:7      | Reached skill level 4 in Axes
  7928 | D:7      | Reached skill level 4 in Maces & Flails
  7928 | D:7      | Reached skill level 4 in Polearms
  7928 | D:7      | Reached skill level 4 in Staves
  7928 | D:7      | Reached skill level 4 in Slings
  7928 | D:7      | Reached skill level 4 in Bows
  7928 | D:7      | Reached skill level 4 in Crossbows
  7928 | D:7      | Reached skill level 4 in Throwing
  7928 | D:7      | Reached skill level 4 in Armour
  7928 | D:7      | Reached skill level 4 in Shields
  7928 | D:7      | Reached skill level 4 in Unarmed Combat
  7928 | D:7      | Reached skill level 4 in Conjurations
  7928 | D:7      | Reached skill level 4 in Evocations
  8271 | D:7      | Reached skill level 6 in Stealth
  8684 | D:7      | Noticed a brown ugly thing
  8696 | D:7      | Killed a brown ugly thing
  8696 | D:7      | Reached skill level 5 in Invocations
  8750 | D:7      | Noticed an unseen horror
  8757 | D:7      | Killed an unseen horror
  8757 | D:7      | Reached skill level 7 in Spellcasting
  8757 | D:7      | Reached skill level 4 in Hexes
  8757 | D:7      | Reached skill level 4 in Charms
  8757 | D:7      | Reached skill level 4 in Summonings
  8757 | D:7      | Reached skill level 4 in Necromancy
  8757 | D:7      | Reached skill level 4 in Translocations
  8757 | D:7      | Reached skill level 4 in Transmutations
  8757 | D:7      | Reached skill level 4 in Ice Magic
  8757 | D:7      | Reached skill level 4 in Air Magic
  8757 | D:7      | Reached skill level 4 in Earth Magic
  8757 | D:7      | Reached skill level 4 in Poison Magic
  8757 | D:7      | Reached XP level 10. HP: 56/75 MP: 9/20
  8779 | D:7      | Identified the ring of Petuarang {rPois Dex+2 SInv}
  8885 | D:7      | Reached skill level 5 in Fighting
  8885 | D:7      | Reached skill level 5 in Short Blades
  8885 | D:7      | Reached skill level 5 in Long Blades
  8885 | D:7      | Reached skill level 5 in Axes
  8885 | D:7      | Reached skill level 5 in Maces & Flails
  8885 | D:7      | Reached skill level 5 in Polearms
  8885 | D:7      | Reached skill level 5 in Staves
  8885 | D:7      | Reached skill level 5 in Slings
  8885 | D:7      | Reached skill level 5 in Bows
  8885 | D:7      | Reached skill level 5 in Crossbows
  8885 | D:7      | Reached skill level 5 in Throwing
  8885 | D:7      | Reached skill level 5 in Armour
  8885 | D:7      | Reached skill level 5 in Shields
  8885 | D:7      | Reached skill level 5 in Unarmed Combat
  8885 | D:7      | Reached skill level 5 in Evocations
  8895 | D:7      | Got a sparkling pewter amulet
  8896 | D:7      | Identified the amulet "Mecuzer" {Harm *Drain Int+7} (You
                  | found it on level 7 of the Dungeon)
  8922 | D:7      | Got a crude platinum ring
  8931 | D:7      | Got a brightly glowing amethyst amulet
  8932 | D:7      | Identified the amulet of Tanecur {Harm *Drain Stlth+} (You
                  | found it on level 7 of the Dungeon)
  8933 | D:7      | Identified the ring "Zuz Xifocya" {rF- Str+6 Dex+10} (You
                  | found it on level 7 of the Dungeon)
  8941 | D:7      | Found a runed translucent door.
  8941 | D:7      | Noticed an orc knight
  8943 | D:7      | Found a runed translucent door.
  8943 | D:7      | Found a runed translucent door.
  9052 | D:7      | Learned a level 5 spell: Fireball
  9094 | D:7      | Found a bloodstained altar of Trog.
  9179 | D:7      | Reached skill level 7 in Fire Magic
  9451 | D:8      | Reached skill level 7 in Dodging
  9937 | D:8      | Found a snail-covered altar of Cheibriados.
 10341 | D:9      | Reached skill level 5 in Conjurations
 10578 | D:9      | HP: 16/76 [vampire (8)]
 10580 | D:9      | HP: 7/76 [vampire (9)]
 10826 | D:9      | Found a glowing golden altar of the Shining One.
 10835 | D:9      | Reached skill level 6 in Invocations
 10837 | D:9      | Reached skill level 7 in Stealth
 10841 | D:9      | HP: 17/76 [yak (11)]
 10842 | D:9      | HP: 5/76 [yak (12)]
 10846 | D:9      | Slain by a yak

Skill      XL: |  1  2  3  4  5  6  7  8  9 10 |
---------------+-------------------------------+-----
Conjurations   | 2 3 4 5 |  5.0
Spellcasting   | 5 6 7 |  7.5
Invocations    | 1 2 3 4 5 6 |  6.0
Fighting       | 1 2 3 4 5 |  5.4
Short Blades   | 1 2 3 4 5 |  5.4
Long Blades    | 1 2 3 4 5 |  5.4
Axes           | 1 2 3 4 5 |  5.4
Maces & Flails | 1 2 3 4 5 |  5.4
Polearms       | 1 2 3 4 5 |  5.4
Staves         | 1 2 3 4 5 |  5.4
Slings         | 1 2 3 4 5 |  5.4
Bows           | 1 2 3 4 5 |  5.4
Crossbows      | 1 2 3 4 5 |  5.4
Throwing       | 1 2 3 4 5 |  5.4
Armour         | 1 2 3 4 5 |  5.4
Shields        | 1 2 3 4 5 |  5.4
Unarmed Combat | 1 2 3 4 5 |  5.4
Evocations     | 1 2 3 4 5 |  5.4
Hexes          | 1 2 3 4 |  4.5
Charms         | 1 2 3 4 |  4.5
Summonings     | 1 2 3 4 |  4.5
Necromancy     | 1 2 3 4 |  4.5
Translocations | 1 2 3 4 |  4.5
Transmutations | 1 2 3 4 |  4.5
Ice Magic      | 1 2 3 4 |  4.5
Air Magic      | 1 2 3 4 |  4.5
Earth Magic    | 1 2 3 4 |  4.5
Poison Magic   | 1 2 3 4 |  4.5
Dodging        | 5 6 7 |  7.2
Stealth        | 5 6 7 |  7.0
Fire Magic     | 6 7 |  7.2

Action                   |  1- 3 |  4- 6 |  7- 9 | 10-12 || total
-------------------------+-------+-------+-------+-------++-------
Melee: Dagger            |    76 |    91 |    76 |       ||   243
       Bite              |     3 |     5 |     6 |    15 ||    29
       Lajatang          |       |       |    16 |   117 ||   133
       Headbutt          |       |       |     6 |    16 ||    22
 Cast: Flame Tongue      |    11 |    34 |    49 |    15 ||   109
       Throw Flame       |     4 |    38 |   185 |    11 ||   238
       Conjure Flame     |       |       |     3 |     1 ||     4
       Sticky Flame      |       |       |     5 |     5 ||    10
  Use: Scroll            |       |     5 |     2 |     5 ||    12
       Potion            |       |     1 |     8 |     1 ||    10
 Stab: Sleeping          |     5 |       |     1 |    11 ||    17
       Distracted        |       |       |       |     2 ||     2
  Eat: Chunk             |     2 |     7 |       |       ||     9
       Ration            |       |       |     5 |     2 ||     7
Armor: Leather armour    |    19 |    27 |    18 |    34 ||    98
       Skin              |       |       |    88 |       ||    88
Dodge: Dodged            |    32 |    39 |    71 |   128 ||   270
Block: Shield            |    30 |    48 |     4 |       ||    82
       Buckler           |       |       |    16 |       ||    16
       Other             |       |       |     7 |    12 ||    19

Levels and vault maps discovered:
D:1:      elethiomel_arrival_maze, layout_basic, nrook_uturn,
          lemuel_old_faithful
D:2:      layout_basic, lemuel_zombie_altar_kikubaaqudgha, first_ration,
          uniq_jessica
D:3:      layout_rooms, gammafunk_temple_overflow_wave
D:4:      layout_loops_cross, kennysheep_mini_moat, kennysheep_little_box,
          gup_sewer_entry_pipe, uniq_menkaure
D:5:      layout_basic, lemuel_coloured_pillars_altar,
          minmay_temple_entry_oklob, uniq_prince_ribbit1, uniq_blork_the_orc
D:6:      layout_loops_cross, lemuel_crystal_altar,
          chequers_temple_overflow_statue_of_worship, serial_shops, shop
D:7:      minmay_the_grid_triangle_9x9_recursive_2
          [minmay_the_grid_triangle_9x9_prize_special,
          minmay_the_grid_triangle_9x9_warning,
          minmay_the_grid_triangle_9x9_fully_insulated_deathbox,
          minmay_the_grid_triangle_9x9_pentomino_pain], layout_rooms,
          lemuel_crystal_altar, the_bakery
D:8:      layout_basic, kennysheep_mini, chequers_mini_garden,
          minmay_misc_feat_pillars
D:9:      layout_small_grid, lemuel_crystal_altar,
          kennysheep_orc_monster_closet_entryway
Sewer:    sewer_co_tree

Table legend:
 A = Turns spent in this place as a percentage of turns spent in the entire game.
 B = Non-inter-level travel turns spent in this place as a percentage of non-inter-level travel turns spent in the entire game.
 C = Inter-level travel turns spent in this place as a percentage of turns spent in this place.
 D = Turns resting spent in this place as a percentage of non-inter-level travel turns spent in this place.
 E = Turns spent auto-exploring this place as a percentage of non-inter-level travel turns spent in this place.
 F = Non-inter-level travel turns spent in this place divided by the number of levels of this place that you've seen.
                   A       B       C       D       E      F
               +-------+-------+-------+-------+-------+----------------------
         Total | 100.0 | 100.0 |   2.5 |   9.5 |  72.6 | 1057.5
       Dungeon |  89.0 |  88.7 |   2.8 |  10.7 |  71.3 | 1042.7
         Sewer |  11.0 |  11.3 |   0.0 |   0.0 |  82.8 | 1191.0
               +-------+-------+-------+-------+-------+----------------------

Table legend:
 A = Kills in this place as a percentage of kills in entire the game.
 B = Kills by you in this place as a percentage of kills by you in the entire game.
 C = Kills by friends in this place as a percentage of kills by friends in the entire game.
 D = Other kills in this place as a percentage of other kills in the entire game.
 E = Experience gained in this place as a percentage of experience gained in the entire game.
 F = Experience gained in this place divided by the number of levels of this place that you have seen.
                   A       B       C       D       E      F
               +-------+-------+-------+-------+-------+----------------------
         Total | 100.0 | 100.0 |   N/A | 100.0 | 100.0 | 808.2
       Dungeon |  88.0 |  87.8 |   N/A | 100.0 |  92.6 | 831.1
         Sewer |  12.0 |  12.2 |   N/A |   0.0 |   7.4 | 602.0
               +-------+-------+-------+-------+-------+----------------------
